[Event "Bionext Festival 2019"]
[Site "Chihuahua"]
[Date "2019.12.01"]
[Round "6.2"]
[White "Cori, Jorge"]
[Black "Martinez Molina, Carlos Al"]
[Result "1-0"]
[ECO "A61"]
[WhiteElo "2651"]
[BlackElo "2169"]
[Annotator "ChessBase"]
[PlyCount "55"]
[EventDate "2019.11.30"]
[EventType "swiss"]
[EventCountry "MEX"]
[SourceTitle "playchess.com"]
[Source "ChessBase"]
[SourceQuality "1"]
[TimeControl "5400+30"]

1. d4 c5 2. d5 Nf6 3. c4 e6 4. Nc3 exd5 5. cxd5 d6 6. Nf3 g6 7. Bf4 Bg7 8. h3 O-O 9. e3 Na6 10. Bc4 Nc7 11. a4 a6 12. O-O Rb8 13. a5 b5 14. axb6 Rxb6 15. Qe2 Re8 16. Rac1 Nh5 17. Bh2 f5 18. Na4 Rb4 19. Nxc5 Rxc4 20. Qxc4 dxc5 21. Bxc7 Qxc7 22. b4 Re4 23. d6+ Rxc4 24. dxc7 Rxc1 25. Rxc1 cxb4 26. Rd1 Kf7 27. Rd8 Bb7 28. Rb8 {[%emt 1:06:23] Ke8} 1-0

[Event "Bionext Festival 2019"]
[Site "Chihuahua"]
[Date "2019.12.01"]
[Round "6.8"]
[White "Lugo Aldana, Alejandro"]
[Black "Gomez, Zuniga David Fernand"]
[Result "0-1"]
[ECO "B87"]
[WhiteElo "1570"]
[BlackElo "2078"]
[Annotator "NA RC"]
[PlyCount "86"]
[EventDate "2019.11.30"]
[EventType "swiss"]
[EventCountry "MEX"]
[SourceTitle "playchess.com"]
[Source "ChessBase"]
[SourceQuality "1"]
[TimeControl "5400+30"]

1. e4 c5 2. Nf3 d6 3. d4 cxd4 4. Nxd4 Nf6 5. Nc3 a6 6. Bc4 e6 7. Bb3 b5 8. O-O b4 9. Na4 Bd7 10. c3 Nc6 11. cxb4 Rb8 12. Nc3 Rxb4 13. Nxc6 Bxc6 14. f3 Be7 15. Qe2 Qb6+ 16. Be3 Qb7 17. Rfd1 a5 18. Rd2 O-O 19. Bc4 Qb8 20. a3 Rb7 21. Ba6 Rd7 22. Qc4 Rc7 23. Qe2 Rd7 24. Qc4 Qa8 25. Rad1 d5 26. exd5 Nxd5 27. Nxd5 Rxd5 28. Rxd5 Bxd5 29. Qb5 Bf6 30. b4 axb4 31. axb4 Rb8 32. Qa4 Rc8 33. b5 Rc4 34. Qa5 h5 35. Qd2 Bxf3 36. gxf3 Qxf3 37. Bf2 h4 38. Qd3 Rg4+ 39. Kf1 Qg2+ 40. Ke1 Re4+ 41. Be3 Bg5 42. Bb7 Qg1+ 43. Ke2 Rxe3+ 0-1

[Event "Bionext Festival 2019"]
[Site "Chihuahua"]
[Date "2019.12.01"]
[Round "6.9"]
[White "Sierra Arballo, Jesus"]
[Black "Guerrero Rodriguez, Alejandra"]
[Result "1/2-1/2"]
[ECO "A40"]
[WhiteElo "2046"]
[BlackElo "2016"]
[Annotator "NA"]
[PlyCount "108"]
[EventDate "2019.11.30"]
[EventType "swiss"]
[EventCountry "MEX"]
[SourceTitle "playchess.com"]
[Source "ChessBase"]
[SourceQuality "1"]
[TimeControl "5400+30"]

1. e4 c5 2. Nf3 g6 3. c4 Bg7 4. d4 cxd4 5. Nxd4 Qb6 6. Nb5 a6 7. Be3 Qa5+ 8. N5c3 Nf6 9. f3 O-O 10. Be2 Nc6 11. O-O d6 12. Nd2 Nd7 13. Rc1 e6 14. Nb3 Qc7 15. Qd2 Nce5 16. Kh1 Nc5 17. Rfd1 Nxb3 18. axb3 Rd8 19. Na4 Qe7 20. Bc5 Bf8 21. Nb6 Rb8 22. Rc3 Qc7 23. Bg1 Nd7 24. Na4 b6 25. h4 Nc5 26. Bh2 Qe7 27. Bg3 Bg7 28. Kg1 Nxa4 29. bxa4 Bxc3 30. Qxc3 e5 31. b4 Be6 32. Bf2 Rdc8 33. Rc1 Rc7 34. c5 bxc5 35. bxc5 Rb3 36. Qa5 dxc5 37. Bxa6 Rb2 38. Rxc5 Rxc5 39. Qxc5 Qxc5 40. Bxc5 Ra2 41. Bb5 Bb3 42. Bd6 Bxa4 43. Bxa4 Rxa4 44. Bxe5 Ra2 45. Bf6 h5 46. Kh2 Kf8 47. Kh3 Ke8 48. g4 Kd7 49. Kg3 Ke6 50. e5 Re2 51. gxh5 gxh5 52. Kf4 Rg2 53. Bd8 {[%emt 0:00:30] Kxe5+ Ke4+ Ke6 Kf4} Rg6 54. Bg5 Rg8 1/2-1/2

[Event "Bionext Festival 2019"]
[Site "Chihuahua"]
[Date "2019.12.01"]
[Round "6.10"]
[White "Della Morte, Pablo"]
[Black "Rubio Ramos, Jorge Yadir"]
[Result "1-0"]
[ECO "B31"]
[WhiteElo "2309"]
[BlackElo "1819"]
[Annotator "ChessBase"]
[PlyCount "47"]
[EventDate "2019.11.30"]
[EventType "swiss"]
[EventCountry "MEX"]
[SourceTitle "playchess.com"]
[Source "ChessBase"]
[SourceQuality "1"]
[TimeControl "5400+30"]

1. e4 c5 2. Nf3 Nc6 3. Bb5 g6 4. Bxc6 dxc6 5. d3 Bg7 6. h3 Qc7 7. Nc3 Nf6 8. Be3 b6 9. Qd2 e5 10. Bh6 O-O 11. Nh2 Ne8 12. O-O f6 13. Bxg7 Nxg7 14. f4 Bd7 15. Rf2 f5 16. fxe5 Qxe5 17. Nf3 Qc7 18. Qh6 Ne6 19. Raf1 Rf7 20. exf5 Rxf5 21. Ne4 Raf8 22. g4 Rd5 23. Nfg5 Rxg5 24. Nxg5 1-0